 Dungeon Crawl Stone Soup version 0.30-a0-1074-g5db6f66fbb (webtiles) character file.

Game seed: 10893176780997133333

28 Ic0nGaming the Trooper (level 3, -1/23 HPs)
             Began as a Kobold Fighter on Apr 14, 2023.
             Slain by a cerulean imp
             ... wielding a +2 spear
             ... summoned by Natasha
              (4 damage)
             ... on level 2 of the Dungeon.
             The game lasted 00:02:03 (945 turns).

Ic0nGaming the Trooper (Kobold Fighter)              Turns: 945, Time: 00:02:03

Health: -1/23      AC:  4    Str: 13    XL:     3   Next: 27%
Magic:  3/3        EV: 12    Int:  9    God:
Gold:   54         SH:  5    Dex: 16    Spells: 2/2 levels left

rFire   . . .      SeeInvis .    a - +1 long sword
rCold   . . .      Faith    .    c - +0 buckler
rNeg    . . .      Spirit   .    g - +0 leather armour
rPois   .          Reflect  .    j - +0 helmet
rElec   .          Rampage  .    (no cloak)
rCorr   .                        (no gloves)
Will    .....                    (no boots)
Stlth   ++                       (no amulet)
HPRegen 0.23/turn                (no ring)
MPRegen 0.08/turn                (no ring)

@: no status effects
A: small, no large weapons, nightstalker 3
a: no special abilities


You were on level 2 of the Dungeon.
You visited 1 branch of the dungeon, and saw 2 of its levels.

You collected 54 gold pieces.

Inventory:

Hand Weapons
 a - a +1 long sword (weapon)
Armour
 c - a +0 buckler (worn)
 g - a +0 leather armour (worn)
 j - a +0 helmet (worn)
Scrolls
 m - a scroll of teleportation
Potions
 b - a potion of flight {unknown}
 d - a potion of might
 e - a potion of brilliance {unknown}
 k - a potion of mutation {unknown}


   Skills:
 - Level 3.2 Fighting
 + Level 2.9 Long Blades
 - Level 2.4 Armour
 - Level 2.4 Shields


You had 2 spell levels left.
You didn't know any spells.
Your spell library was empty.

Dungeon Overview and Level Annotations

Branches:
Dungeon (2/15)

Altars:

Annotations:
D:2 Natasha


Innate Abilities, Weirdness & Mutations

You are small and have problems with some larger weapons.
You are completely attuned to the shadows.


Message History

You hit Natasha.
Natasha is almost dead.
Natasha closely misses you.
The cerulean imp hits you from afar with a +2 spear.
* * * LOW HITPOINT WARNING * * *
Natasha casts a spell at you. The magic dart hits you.
* * * LOW HITPOINT WARNING * * *
Okay, then.
You closely miss Natasha.
Natasha is almost dead.
The cerulean imp barely misses you. Natasha claws you.
* * * LOW HITPOINT WARNING * * *
You block the cerulean imp's attack.
Unknown command.
You miss Natasha.
Natasha is almost dead.
Natasha claws you but does no damage. You block the cerulean imp's attack.
Unknown command.
You closely miss Natasha.
Natasha is almost dead.
You block Natasha's attack. The cerulean imp misses you.
You block Natasha's attack.
Okay, then.
You barely miss Natasha.
Natasha is almost dead.
You block the cerulean imp's attack. Natasha misses you.
The cerulean imp closely misses you.
You closely miss Natasha.
Natasha is almost dead.
You block Natasha's attack.
The cerulean imp hits you but does no damage.
You miss Natasha.
Natasha is almost dead.
Natasha misses you. You block the cerulean imp's attack.
You block Natasha's attack.
You closely miss Natasha.
Natasha is almost dead.
The cerulean imp hits you from afar with a +2 spear.
You die...

##########
#........#
#.######.#
#######.# #.#
#.....#.######.####
#.##............@.#
#.##..#.##.###.##h#
#.##..#.# . #.# 5#
......#.. ..# .#
#.###. ##. ### ..
...... .####. .###
# ...##.#


You could see Natasha and a cerulean imp (summoned).

Vanquished Creatures
  A dart slug (D:1)
  2 endoplasms
  A goblin (D:1)
  5 hobgoblins (D:1)
  2 jackals (D:1)
  6 ball pythons (D:1)
  A bat (D:1)
  5 kobolds (D:1)
  3 rats (D:1)
26 creatures vanquished.

Notes
Turn   | Place    | Note
-------+----------+-------------------------------------------
     0 | D:1      | Ic0nGaming the Kobold Fighter began the quest for the Orb.
     0 | D:1      | Reached XP level 1. HP: 14/14 MP: 1/1
    94 | D:1      | Reached XP level 2. HP: 17/19 MP: 2/2
   419 | D:1      | Reached XP level 3. HP: 23/23 MP: 3/3
   475 | D:1      | Noticed a reaper
   479 | D:1      | Found a faded altar of an unknown god.
   926 | D:2      | Noticed Natasha
   938 | D:2      | HP: 1/23 [Natasha/magic dart (4)]
   945 | D:2      | Slain by a cerulean imp

Illustrated notes

Levels and vault maps discovered:
D:1:      dreamdust_arrival_sigmund_warning, layout_basic,
          dreamdust_ecumenical_altar_sealed_demon, nrook_mini_backslash
D:2:      layout_loops_corners, uniq_natasha

Skill      XL: |  1 |
---------------+----+-----
Long Blades    | 2 |  2.9
Fighting       | |  3.2
Armour         | |  2.4
Shields        | |  2.4

Action                     || total
---------------------------++-------
  Melee: Long sword        ||    95
    Use: Scroll            ||     5
   Stab: Sleeping          ||     7
 Armour: Scale mail        ||     8
         Leather armour    ||    10
  Dodge: Dodged            ||    66
  Block: Buckler           ||    23

Table legend: (Time is in decaauts)
 A = Elapsed time spent in this place.
 B = Non-inter-level travel time spent in this place.
 C = Inter-level travel time spent in this place.
 D = Time resting spent in this place.
 E = Time spent auto-exploring this place.
 F = Levels seen in this place.
 G = Mean time per level.
                   A        B        C        D        E       F      G
               +--------+--------+--------+--------+--------+-----+--------+
         Total |    978 |    955 |     23 |     51 |    664 |   2 |  489.0 |
       Dungeon |    978 |    955 |     23 |     51 |    664 |   2 |  489.0 |
               +--------+--------+--------+--------+--------+-----+--------+

Top non-repeatable levels by time:
     D:1: 888 daAuts
     D:2: 90 daAuts
